 Dungeon Crawl Stone Soup version 0.24-a0-263-gbee43f9 (webtiles) character file.

Game seed: 959613620336890350

914 Dantiko the Fighter (level 8, -7/89 HPs)
             Began as an Ogre Berserker on Apr 19, 2019.
             Was an Elder of Trog.
             Mangled by a wolf (12 damage)
             ... on level 8 of the Dungeon.
             The game lasted 00:14:00 (5262 turns).

Dantiko the Fighter (Ogre Berserker)                Turns: 5262, Time: 00:14:01

Health: -7/89      AC:  4    Str: 22    XL:     8   Next: 9%
Magic:  8/8        EV: 12    Int:  8    God:    Trog [****..]
Gold:   234        SH:  3    Dex: 10    Spells: 7/7 levels left

rFire    . . .     SeeInvis .   u - +2 mace (drain)
rCold    . . .     Gourm    .   (no shield)
rNeg     . . .     Faith    .   b - +0 animal skin
rPois    .         Spirit   .   (helmet restricted)
rElec    .         Reflect  +   m - +0 cloak
rCorr    .         Harm     .   (gloves unavailable)
MR       .....                  (boots unavailable)
Stlth    ++........             p - +3 amulet of reflection
HPRegen  0.24/turn              s - ring of stealth
MPRegen  0.11/turn              (no ring)

@: about to teleport, berserk cooldown, slowed, very slow
A: large, unfitting armour, tough skin 1
a: Berserk, Trog's Hand, Brothers in Arms, Renounce Religion


You were on level 8 of the Dungeon.
You worshipped Trog.
Trog was greatly pleased with you.
You were hungry.

You visited 2 branches of the dungeon, and saw 8 of its levels.

You collected 234 gold pieces.

Inventory:

Hand Weapons
 u - a +2 mace of draining (weapon)
Armour
 b - a +0 animal skin (worn)
 m - a +0 cloak (worn)
Jewellery
 p - a +3 amulet of reflection (around neck)
 s - a ring of stealth (left hand)
Wands
 r - a wand of polymorph (2)
 v - a wand of iceblast (8)
Scrolls
 e - 2 scrolls of remove curse
 f - a scroll of immolation
 k - a scroll of identify
 t - 2 scrolls of blinking
 w - a scroll of amnesia {unknown}
Potions
 g - 3 potions of might {unknown}
 h - a potion of resistance {unknown}
 j - 3 potions of curing {unknown}
 l - a potion of flight {unknown}
 n - 3 potions of brilliance {unknown}
 o - 2 potions of mutation {unknown}
 q - a potion of ambrosia {unknown}
Comestibles
 c - 9 rations


   Skills:
 + Level 8.7 Fighting
 - Level 4.0 Maces & Flails
 + Level 6.0 Dodging


You had 7 spell levels left.
You didn't know any spells.
Your spell library contained the following spells:

 Spells                   Type           Power        Failure   Level  Hunger
 Magic Dart               Conj           #...         41%         1    ##.....


Dungeon Overview and Level Annotations

Branches:
Dungeon (6/15)             Temple (1/1) D:5            Lair (0/6) D:8

Altars:
Ashenzari
Cheibriados
Dithmenos
Elyvilon
Fedhas
Gozag
Kikubaaqudgha
Makhleb
Nemelex Xobeh
Okawaru
Qazlal
Sif Muna
Trog
Uskayaw
Vehumet
Wu Jian
Yredelemnul

Shops:
D:4 (

Annotations:
D:6 Eustachio


Innate Abilities, Weirdness & Mutations

You are too large for most types of armour.
You have tough skin. (AC +1)


Message History

You feel aware of your surroundings.
You sensed 1 altar, and 1 shop/portal.
It was a scroll of magic mapping.
The wolf closely misses you. The wolf bites you!
* * * LOW HITPOINT WARNING * * *
The wolf pauses to sniff the ground.
The wolf bites you but does no damage.
As you read the scroll labeled QAJUOPP OTYSI, it crumbles to dust.
It is a scroll of enchant weapon.
Your +1 mace of draining glows red for a moment.
The wolf bites you.
* * * LOW HITPOINT WARNING * * *
The wolf stops to sniff the ground.
The wolf misses you. The wolf closely misses you.
As you read the scroll labeled GIALOL SOQOCH, it crumbles to dust.
You feel strangely unstable.
It was a scroll of teleportation.
The wolf bites you but does no damage. The wolf bites you!
* * * LOW HITPOINT WARNING * * *
Unknown command.
The wolf closely misses you. The wolf bites you!
You die...

≈,,,≈≈≈≈,,*,,,,,*,*,**,* #
≈≈,≈≈≈≈≈......#**,*,**,* #
≈≈,≈≈≈.........,,,*,**,***#######
≈≈,≈≈≈≈.......#****,**,,,,.......
,≈,≈≈≈.≈......# *,*******######
,≈,≈≈≈........# *,* #
,,,≈≈,..≈.....# *,* #
,,,,,,......hh#####.# ###
,,,,,,,,,,#.)hhh@.#.# *#######>.
,,,*******#######.#.# *.........
**** ######.#.# *......... *
#...##.#.# *.........
*******#####...##.#.# *######...
*,,,,,,..........(#.### ##.#
*,*****##########.....# #.# *,*
*****#.....# #.#
*,**********,,,,#.....#########.#


You could see 4 wolves and a hound (inner flame).

Vanquished Creatures
  A hippogriff (D:8)
  Menkaure (D:5)
  A hornet zombie (D:5)
  A crimson imp (D:4)
  A hound (D:4)
  Crazy Yiuf (D:5)
  3 orc wizards
  A bullfrog skeleton (D:5)
  An iguana (D:5)
  3 worker ants
  4 gnolls (D:8)
  7 adders
  A shadow imp (D:5)
  An ooze (D:1)
  2 adder skeletons
  3 worms
  A dart slug (D:3)
  8 leopard geckos
  4 orcs
  6 giant cockroaches
  8 goblins
  6 hobgoblins
  8 jackals
  11 kobolds
  2 quokkas
  9 bats
  7 frilled lizards
  A jackal skeleton (D:4)
  23 rats
126 creatures vanquished.

Vanquished Creatures (others)
  A human (D:4)
1 creature vanquished.

Grand Total: 127 creatures vanquished

Notes
Turn   | Place    | Note
-------+----------+-------------------------------------------
     0 | D:1      | Dantiko the Ogre Berserker began the quest for the Orb.
     0 | D:1      | Reached XP level 1. HP: 24/24 MP: 1/1
    18 | D:1      | Found a sparkling altar of Nemelex Xobeh.
   126 | D:1      | Reached XP level 2. HP: 24/32 MP: 2/2
   342 | D:1      | Reached XP level 3. HP: 33/39 MP: 3/3
   430 | D:1      | Reached ** piety under Trog
   787 | D:2      | Reached XP level 4. HP: 47/49 MP: 4/4
   920 | D:2      | Found a basalt altar of Yredelemnul.
  1029 | D:2      | Found a stormy altar of Qazlal.
  1973 | D:3      | Reached *** piety under Trog
  2287 | D:3      | Reached skill level 5 in Fighting
  2607 | D:3      | Found a blossoming altar of Fedhas.
  2616 | D:3      | Reached XP level 5. HP: 55/57 MP: 5/5
  2684 | D:3      | Found a shattered altar of Ashenzari.
  2988 | D:4      | Found an ancient bone altar of Kikubaaqudgha.
  2989 | D:4      | Noticed a human
  2991 | D:4      | Killed a human
  3073 | D:4      | Found Epiunob's Antique Weapon Shop.
  3320 | D:4      | Found a burning altar of Makhleb.
  3349 | D:4      | Reached skill level 6 in Fighting
  3349 | D:4      | Reached XP level 6. HP: 67/67 MP: 6/6
  3833 | D:5      | Entered Level 5 of the Dungeon
  3833 | D:5      | Noticed Menkaure
  3838 | D:5      | Killed Menkaure
  3838 | D:5      | Reached **** piety under Trog
  3844 | D:5      | Reached skill level 7 in Fighting
  3912 | D:5      | Reached XP level 7. HP: 57/78 MP: 7/7
  3934 | D:5      | Reached skill level 5 in Dodging
  4099 | D:5      | Found a staircase to the Ecumenical Temple.
  4110 | Temple   | Entered the Ecumenical Temple
  4489 | D:5      | Found a deep blue altar of Sif Muna.
  4489 | D:5      | Found an ancient bone altar of Kikubaaqudgha.
  4491 | D:5      | Found a radiant altar of Vehumet.
  4501 | D:5      | Identified Vehumet's Tome of Confrontation
  4709 | D:5      | Found a runed translucent door.
  4710 | D:5      | Noticed Crazy Yiuf
  4718 | D:5      | Killed Crazy Yiuf
  4760 | D:6      | Noticed Eustachio
  4760 | D:6      | You fall through a shaft for 2 floors!
  4760 | D:8      | Noticed a hippogriff
  4761 | D:8      | Reached skill level 8 in Fighting
  4776 | D:8      | Killed a hippogriff
  4776 | D:8      | Reached XP level 8. HP: 17/89 MP: 8/8
  5261 | D:8      | HP: 4/89 [wolf (10)]
  5262 | D:8      | Mangled by a wolf

Levels and vault maps discovered:
D:1:      erik_arrival_orb_chamber, layout_rooms,
          hangedman_decor_diamond_cutter, nemelex_xobeh_ov_fountains_minmay
D:2:      layout_basic, yredelemnul_altar_generic, grunt_qazlal_clouds
D:3:      layout_rooms, fedhas_altar_fruit_tree, lemuel_crystal_altar,
          first_ration
D:4:      layout_loops_cross, lemuel_round_altar, serial_shops,
          kennysheep_little_box, tgw_kikubaaqudgha
D:5:      layout_basic, grunt_temple_overflow_magic_moments,
          minmay_temple_entry_slanted, minmay_misc_feat_rows, uniq_menkaure,
          uniq_crazy_yiuf_cottage
D:6:      layout_basic, marbit_many_paths, zin_academy,
          gammafunk_ghost_nasty_kobolds, uniq_eustachio, uniq_sigmund
D:8:      layout_basic, erik_lair_island, serial_shops, shop, special_room
          [special_room_orc], minmay_fractal_squares_gapless_5
Temple:   nicolae_temple_figure_zero

Skill      XL: |  1  2  3  4  5  6  7  8 |
---------------+-------------------------+-----
Maces & Flails | 3 4 |  4.0
Dodging        | 3 4 5 6 |  6.0
Fighting       | 5 6 7 8 |  8.7

Action                   |  1- 3 |  4- 6 |  7- 9 || total
-------------------------+-------+-------+-------++-------
Melee: Mace              |   123 |   240 |    91 ||   454
Invok: Berserk           |     2 |     6 |     5 ||    13
  Use: Scroll            |       |       |     6 ||     6
 Stab: Sleeping          |     1 |     2 |     1 ||     4
  Eat: Chunk             |     2 |    15 |     5 ||    22
       Ration            |       |       |     1 ||     1
Armor: Animal skin       |    39 |    57 |    36 ||   132
Dodge: Dodged            |    70 |   134 |    82 ||   286
Block: Other             |       |    20 |    19 ||    39

Table legend:
 A = Non-vault XP
 B = Vault XP
 C = Vault XP percentage of total XP
 D = Non-vault monster count
 E = Vault monster count
 F = Vault count percentage of total count
                 A         B        C        D         E       F
            +---------+---------+-------+---------+---------+-------
      Total |    1081 |     225 |  17.2 |     112 |      14 |  11.1
            +---------+---------+-------+---------+---------+-------
        D:1 |      45 |      12 |  21.1 |      26 |      12 |  31.6
        D:2 |      74 |       0 |   0.0 |      28 |       0 |   0.0
        D:3 |      53 |       0 |   0.0 |      16 |       0 |   0.0
        D:4 |     230 |       0 |   0.0 |      15 |       0 |   0.0
        D:5 |     349 |     213 |  37.9 |      16 |       2 |  11.1
        D:8 |     330 |       0 |   0.0 |      11 |       0 |   0.0
            +---------+---------+-------+---------+---------+-------
